 Dungeon Crawl Stone Soup version 0.27.0-1-g7a089689b8 (webtiles) character file.

Game seed: 8622507460904817520

331 hawla the Grave Robber (level 6, -9/37 HPs)
             Began as a Deep Elf Necromancer on Aug 1, 2021.
             Was an Initiate of Vehumet.
             Mangled by a wyvern zombie (10 damage)
             ... while paralysed by Grinder
             ... on level 4 of the Dungeon.
             The game lasted 00:11:03 (5174 turns).

hawla the Grave Robber (Deep Elf Necromancer)       Turns: 5174, Time: 00:11:03

Health: -9/37      AC:  2    Str:  3 (5)  XL:     6   Next: 26%
Magic:  14/14      EV:  2    Int: 21 (22) God:    Vehumet [......]
Gold:   122        SH:  0    Dex: 12 (15) Spells: 4/13 levels left

rFire    . . .     SeeInvis .   (no weapon)
rCold    . . .     Faith    .   (no shield)
rNeg     . . .     Spirit   .   a - +0 robe
rPois    .         Reflect  .   (no helmet)
rElec    .         Harm     .   (no cloak)
rCorr    .         Rampage  .   (no gloves)
Will     .....                  (no boots)
Stlth    ++........             (no amulet)
HPRegen  0.12/turn              (no ring)
MPRegen  0.14/turn              (no ring)

@: paralysed
A: no striking features
a: Renounce Religion


You were on level 4 of the Dungeon.
You worshipped Vehumet.
Vehumet was noncommittal.
You visited 2 branches of the dungeon, and saw 5 of its levels.

You collected 122 gold pieces.

Inventory:

Missiles
 b - 6 poisoned darts
 k - 2 boomerangs
Armour
 a - a +0 robe (worn)
Scrolls
 c - 2 scrolls of identify
Potions
 f - a potion of mutation


   Skills:
 + Level 3.0 Fighting
 + Level 3.0 Dodging
 + Level 3.0 Stealth
 + Level 4.1 Spellcasting
 + Level 6.9 Necromancy


You had 4 spell levels left.
You knew the following spells:

 Your Spells              Type           Power      Damage    Failure   Level
a - Pain                  Necr           100%       1d9       1%          1
b - Animate Skeleton      Necr           66%        N/A       1%          1
c - Animate Dead          Necr           16%        N/A       7%          4
d - Vampiric Draining     Necr           16%        2d8       1%          3

Your spell library contained the following spells:

 Spells                   Type           Power      Damage    Failure   Level
 Conjure Flame            Conj/Fire      4%         6-21      34%         3
 Ignite Poison            Fire/Tmut/Pois 4%         N/A       34%         3
 Sticky Flame             Conj/Fire      4%         2d3       75%         4
 Agony                    Necr           33%        N/A       19%         5


Dungeon Overview and Level Annotations

Branches:
Dungeon (4/15)             Temple (1/1) D:4

Altars:
Ashenzari
Cheibriados
Dithmenos
Elyvilon
Fedhas
Gozag
Hepliaklqana
Kikubaaqudgha
Makhleb
Nemelex Xobeh
Okawaru
Qazlal
Ru
Sif Muna
Trog
Uskayaw
Vehumet
Wu Jian
Xom
Yredelemnul
The Shining One

Annotations:
D:4 Edmund, Grinder


Message History

Casting: Pain (safe; 1% risk of failure)
Confirm with . or Enter, or press ? or * to list all spells.
You can't see any susceptible monsters within range! (Use Z to cast anyway.) Unknown command.
As you read the scroll labelled MUAXIA OKENTU, it crumbles to dust.
It is a scroll of amnesia.
Really abort (and waste the scroll)?
Okay, then.
The wyvern zombie bites you. The wyvern zombie bites you!
* * * LOW HITPOINT WARNING * * *
You feel much better. The wyvern zombie closely misses you.
It was a potion of curing.
You feel better. The wyvern zombie barely misses you.
It was a potion of degeneration.
There was something very wrong with that liquid.
You feel weakened.
You feel dopey.
You feel clumsy. The wyvern zombie misses you.
Grinder blinks!
It was a potion of magic.
Magic courses through your body. The wyvern zombie bites you.
The wyvern zombie misses you. The wyvern zombie bites you!
The wyvern zombie misses you.
Grinder blinks!
Grinder gestures at you.
You suddenly lose the ability to move!
The wyvern zombie bites you! The wyvern zombie bites you!
* * * LOW HITPOINT WARNING * * *
The wyvern zombie bites you.
* * * LOW HITPOINT WARNING * * *
Grinder gestures at you. You resist with some effort.
The wyvern zombie bites you.
* * * LOW HITPOINT WARNING * * *
Grinder says, "Don't move a muscle."
Grinder gestures at you.
You struggle to resist.
The wyvern zombie bites you.
* * * LOW HITPOINT WARNING * * *
The wyvern zombie bites you!
You die...

#......# ###......#.
#..........
##..........
##........... ##
#.......##..#
#...#............
....#....@.......
.........Z......#
.....5..........#
#...............#
#.................#
....##............ .
.S #....#....[.. #.
#.###............
#..##.#...#...#......


You could see Grinder and a wyvern zombie.

Vanquished Creatures
  A sky beast (D:3)
  A scorpion (D:3)
  An orc priest (D:4)
  An orc wizard (D:4)
  A gnoll (D:2)
  4 adders
  A worm (D:2)
  4 dart slugs
  7 orcs
  7 bats
  6 endoplasms
  3 giant cockroaches (D:1)
  A goblin (D:3)
  5 hobgoblins
  2 jackals (D:2)
  11 kobolds
  2 quokkas (D:3)
  5 ball pythons
  8 frilled lizards
  4 rats
75 creatures vanquished.

Vanquished Creatures (others)
  12 demonic plants (D:2)
  6 fungi (D:2)
  12 plants (D:2)
  7 withered plants (D:2)
37 creatures vanquished.

Grand Total: 112 creatures vanquished

Notes
Turn   | Place    | Note
-------+----------+-------------------------------------------
     0 | D:1      | hawla the Deep Elf Necromancer began the quest for the Orb.
     0 | D:1      | Reached XP level 1. HP: 10/10 MP: 6/6
   236 | D:1      | Reached XP level 2. HP: 13/15 MP: 6/8
   312 | D:1      | Learned a level 1 spell: Animate Skeleton
   315 | D:1      | Reached skill level 5 in Necromancy
  1162 | D:1      | Reached XP level 3. HP: 19/20 MP: 7/9
  1659 | D:2      | Reached skill level 1 in Fighting
  2188 | D:2      | Reached XP level 4. HP: 4/25 MP: 3/11
  2637 | D:2      | Found a faded altar of an unknown god.
  2804 | D:3      | Learned a level 4 spell: Animate Dead
  3860 | D:3      | Noticed a sky beast
  3878 | D:3      | Killed a sky beast
  3879 | D:3      | Reached skill level 6 in Necromancy
  3879 | D:3      | Reached XP level 5. HP: 31/31 MP: 6/13
  4404 | D:3      | Learned a level 3 spell: Vampiric Draining
  4641 | D:4      | Reached XP level 6. HP: 32/37 MP: 6/14
  4880 | D:4      | Noticed Edmund
  4880 | D:4      | Noticed Grinder
  4982 | D:4      | Found a staircase to the Ecumenical Temple.
  4998 | Temple   | Entered the Ecumenical Temple
  5066 | Temple   | Became a worshipper of Vehumet
  5080 | D:4      | Paralysed by Grinder for 4 turns
  5170 | D:4      | Paralysed by Grinder for 6 turns
  5174 | D:4      | HP: 1/37 [wyvern zombie (5)]
  5174 | D:4      | Mangled by a wyvern zombie

Illustrated notes

Levels and vault maps discovered:
D:1:      onia_arrival_mini_spirals, layout_loops_ring, minmay_pentomino_x4
D:2:      layout_loops_ring, shapermc_ecumenical_altar_gd, cheibrodos_gnoll_hut
D:3:      layout_basic
D:4:      minmay_door_path, layout_cave_pools, minmay_temple_entry_crystal_x,
          minmay_misc_feat_ornament, uniq_edmund, uniq_grinder
Temple:   dpeg_three_leaves_temple

Skill      XL: |  1  2  3  4  5 |
---------------+----------------+-----
Necromancy     | 5 6 |  6.9
Stealth        | 3 |  3.0
Dodging        | 3 |  3.0
Fighting       | 1 2 3 |  3.0
Spellcasting   | 4 |  4.1

Action                   |  1- 3 |  4- 6 || total
-------------------------+-------+-------++-------
Melee: Unarmed           |     1 |    14 ||    15
 Cast: Pain              |    69 |    71 ||   140
       Animate Skeleton  |     1 |     3 ||     4
       Animate Dead      |       |     7 ||     7
       Vampiric Draining |       |     1 ||     1
  Use: Potion            |       |     8 ||     8
       Scroll            |       |     3 ||     3
 Stab: Sleeping          |       |     1 ||     1
Armor: Robe              |     4 |     9 ||    13
       Skin              |       |    10 ||    10
Dodge: Dodged            |    16 |    38 ||    54
